 Dungeon Sprint DCSS version 0.30-a0-116-g3b1a8e4ee4 (webtiles) character file.

Game seed: 2963235592530729156

25 rocky1 the Ducker (level 3, -3/30 HPs)
             Began as a Merfolk Gladiator on Sept 13, 2022.
             Was an Initiate of Gozag.
             Slain by a sky beast (6 damage)
             ... in the Dungeon (Sprint VII: "The Pits").
             The game lasted 00:00:46 (774 turns).

rocky1 the Ducker (Merfolk Gladiator)                Turns: 774, Time: 00:00:48

Health: -3/30      AC:  4    Str: 14    XL:     3   Next: 4%
Magic:  3/3        EV: 14    Int:  7    God:    Gozag
Gold:   216        SH:  0    Dex: 17    Spells: 2/2 levels left

rFire   . . .      SeeInvis .    a - +0 long sword
rCold   . . .      Faith    .    (no shield)
rNeg    . . .      Spirit   .    b - +0 leather armour
rPois   .          Reflect  .    c - +0 helmet
rElec   .          Harm     .    (no cloak)
rCorr   .          Rampage  .    (no gloves)
Will    .....      NoTele   +    (no boots)
Stlth   +.........               (no amulet)
HPRegen 0.10/turn                (no ring)
MPRegen 0.08/turn                (no ring)

@: no status effects
A: (nimble swimmer 2), mertail
a: Renounce Religion, Potion Petition, Call Merchant, Bribe Branch


You were in the Dungeon.
You worshipped Gozag.
Gozag was aware of your devotion.
You visited 1 branch You collected 216 gold pieces.

Inventory:

Hand Weapons
 a - a +0 long sword (weapon)
Missiles
 d - 3 throwing nets (quivered)
 e - a javelin
Armour
 b - a +0 leather armour (worn)
 c - a +0 helmet (worn)
Scrolls
 k - a scroll of blinking
 m - 5 scrolls of amnesia
 n - a scroll of summoning
Potions
 f - a potion of curing
 g - a potion of heal wounds
 h - a potion of haste
 i - 4 potions of magic
 j - 3 potions of berserk rage
 l - 2 potions of invisibility


   Skills:
 + Level 3.7 Fighting
 + Level 5.0 Long Blades
 - Level 2.0 Throwing
 + Level 1.9 Armour
 + Level 5.4 Dodging


You had 2 spell levels left.
You didn't know any spells.
Your spell library was empty.

Dungeon Overview and Level Annotations

Branches:
Dungeon (1/1)

Altars:
Ashenzari
Cheibriados
Dithmenos
Elyvilon
Fedhas
Gozag
Hepliaklqana
Kikubaaqudgha
Makhleb
Nemelex Xobeh
Okawaru
Qazlal
Ru
Sif Muna
Trog
Uskayaw
Vehumet
Wu Jian
Xom
Yredelemnul
Zin
The Shining One
Jiyva
Lugonu


Innate Abilities, Weirdness & Mutations

((You are very nimble when in or above water. (Stealth+, EV+, Speed+++)))
Your lower body shifts to a powerful aquatic tail in water.


Message History

The jackal barely misses you.
You have reached level 3!
Your experience leads to an increase in your attributes!
Increase (S)trength, (I)ntelligence, or (D)exterity?
You feel agile. x2
You hit the jackal.
The jackal is almost dead.
The jackal closely misses you.
You hit the jackal.
You kill the jackal!
Your Long Blades skill increases to level 5!
You closely miss the sky beast.
The sky beast is distracted by your dazzling golden aura.
You completely miss the sky beast.
The sky beast is no longer distracted by gold.
The gnoll is distracted by your dazzling golden aura.
The sky beast is distracted by your dazzling golden aura.
You barely miss the sky beast.
The sky beast is no longer distracted by gold.
The gnoll shouts!
The sky beast closely misses you. The sky beast hits you.
The sky beast shocks you.
You slash the sky beast!
The sky beast is moderately wounded.
The gnoll is no longer distracted by gold.
The sky beast hits you. The sky beast shocks you.
You miss the sky beast.
The sky beast is moderately wounded.
The sky beast hits you. The sky beast shocks you.
* * * LOW HITPOINT WARNING * * *
You hit the sky beast.
The sky beast is moderately wounded.
The sky beast misses you.
You hit the sky beast.
The sky beast is heavily wounded.
The sky beast hits you.
* * * LOW HITPOINT WARNING * * *
The sky beast shocks you.
You die...
Your body crumbles into a pile of gold.

#_________.#
#_________.#
#_______...###########++
##########'##...........
#.?(.')))'.##......#..#.
##########.##...........
#..........†'...........
#+#####'#####......#..#.
#.)@Yg##...........
#####)#####'#####++
#.....##.......#
#.....##.......#
###h####.......#


hh. #...<...# .h..h #.......# ......##.......# #########.......# You could see a
sky beast and a gnoll.

Vanquished Creatures
  An adder (D)
  An adder zombie (D)
  6 jackals (D)
  A quokka (D)
  2 kobolds (D)
11 creatures vanquished.

Notes
Turn   | Place    | Note
-------+----------+-------------------------------------------
     0 | D        | rocky1 the Merfolk Gladiator began the quest for the Orb.
     0 | D        | Reached XP level 1. HP: 16/16 MP: 1/1
    87 | D        | Found a bloodstained altar of Trog.
    87 | D        | Found a shimmering blue altar of Sif Muna.
    87 | D        | Found a viscous altar of Jiyva.
    87 | D        | Found a hazy altar of Hepliaklqana.
    87 | D        | Found an opulent altar of Gozag.
    88 | D        | Found a glowing golden altar of the Shining One.
    88 | D        | Found a glowing silver altar of Zin.
    88 | D        | Found a basalt altar of Yredelemnul.
    88 | D        | Found a shimmering altar of Xom.
    88 | D        | Found an ornate altar of the Wu Jian Council.
    88 | D        | Found a sacrificial altar of Ru.
    88 | D        | Found a stormy altar of Qazlal.
    88 | D        | Found an iron altar of Okawaru.
    88 | D        | Found a sparkling altar of Nemelex Xobeh.
    88 | D        | Found a burning altar of Makhleb.
    88 | D        | Found a blossoming altar of Fedhas.
    88 | D        | Found a white marble altar of Elyvilon.
    88 | D        | Found a shadowy altar of Dithmenos.
    88 | D        | Found a snail-covered altar of Cheibriados.
    90 | D        | Found a radiant altar of Vehumet.
    90 | D        | Found a corrupted altar of Lugonu.
    91 | D        | Found a hide-covered altar of Uskayaw.
    91 | D        | Found an ancient bone altar of Kikubaaqudgha.
    91 | D        | Found a broken altar of Ashenzari.
    95 | D        | Became a worshipper of Gozag Ym Sagoz the Greedy
   149 | D        | Reached skill level 1 in Armour
   369 | D        | Reached skill level 5 in Dodging
   369 | D        | Reached XP level 2. HP: 11/24 MP: 2/2
   737 | D        | Noticed a sky beast
   766 | D        | Reached XP level 3. HP: 27/30 MP: 3/3
   768 | D        | Reached skill level 5 in Long Blades
   774 | D        | Slain by a sky beast

Illustrated notes

Levels and vault maps discovered:
D:        pitsprint [storerooms_1, entrance_room_1, metal_vault_3, armoury_1,
          mini_pit_1, grid_room_1, main_hall_1, silver_pit, the_coven_1,
          the_vestibule_1, steel_vault_1, golden_pit, hallway_of_sentries,
          crystal_vault_5, iron_vault_2, final_vault]

Skill      XL: |  1  2  3 |
---------------+----------+-----
Long Blades    | 4 5 |  5.0
Armour         | 1 |  1.9
Fighting       | 3 |  3.7
Dodging        | 5 |  5.4
Throwing       | |  2.0

Action                   || total
-------------------------++-------
Melee: Long sword        ||    54
       Punch             ||     4
Armor: Leather armour    ||    18
Dodge: Dodged            ||    38

Table legend: (Time is in decaauts)
 A = Elapsed time spent in this place.
 B = Non-inter-level travel time spent in this place.
 C = Inter-level travel time spent in this place.
 D = Time resting spent in this place.
 E = Time spent auto-exploring this place.
 F = Levels seen in this place.
 G = Mean time per level.
                   A        B        C        D        E       F      G
               +--------+--------+--------+--------+--------+-----+--------+
         Total |    783 |    783 |      0 |    631 |      0 |   1 |  783.0 |
       Dungeon |    783 |    783 |      0 |    631 |      0 |   1 |  783.0 |
               +--------+--------+--------+--------+--------+-----+--------+

Top non-repeatable levels by time:
       D: 783 daAuts
